 Dungeon Crawl Stone Soup version 0.21.1-1-g345015f (webtiles) character file.

23 inc the Vexing (level 2, 0/11 HPs)
             Began as a Felid Enchanter on Feb 21, 2018.
             Slain by an adder (3 damage)
             ... on level 2 of the Dungeon.
             The game lasted 00:01:02 (350 turns).

inc the Vexing (Felid Enchanter)                     Turns: 350, Time: 00:01:02

Health: 0/11       AC:  1    Str:  4    XL:     2   Next: 72%
Magic:  6/6        EV: 18    Int: 16    God:
Gold:   21         SH:  0    Dex: 16    Spells: 4/5 levels left
                                        Lives:  0   Deaths: 0

rFire    . . .     SeeInvis +     - Unarmed
rCold    . . .     Gourm    .   (shield unavailable)
rNeg     . . .     Faith    .   (armour unavailable)
rPois    .         Spirit   .   (helmet unavailable)
rElec    .         Reflect  .   (cloak unavailable)
rCorr    .         Harm     .   (gloves unavailable)
MR       .....                  (boots unavailable)
Stlth    +++.......             (no amulet)
HPRegen  0.03/turn              (no ring)
MPRegen  0.10/turn              (no ring)

@: lethally poisoned (0 -> -13), quick
A: very small, no armour, no weapons or thrown items, stealth, claws 1, fangs 3,
see invisible, carnivore, speed 1, shaggy fur 1, slow metabolism 1, sharp paws
a: no special abilities


You were on level 2 of the Dungeon.
You were full.

You visited 1 branch of the dungeon, and saw 2 of its levels.

You collected 21 gold pieces.

Inventory:

Jewellery
 d - an uncursed ring of poison resistance {unknown}
Potions
 c - a potion of berserk rage {unknown}
 e - a potion of haste {unknown}
 f - a potion of curing {unknown}
Books
 a - a book of Maledictions

   Spells                             Type                      Level
   a - Corona                         Hexes                        1
   b - Ensorcelled Hibernation        Hexes/Ice                    2
   c - Confuse                        Hexes                        3
   d - Tukima's Dance                 Hexes                        3
   e - Dazzling Spray                 Conjuration/Hexes            3
Comestibles
 b - 3 rations


   Skills:
 + Level 3.0 Dodging
 + Level 4.5 Stealth
 + Level 1.2 Unarmed Combat
 + Level 2.1 Spellcasting
 + Level 4.9 Hexes


You had 4 spell levels left.
You knew the following spells:

 Your Spells              Type           Power        Failure   Level  Hunger
a - Corona                Hex            ###....      2%          1    #......


Dungeon Overview and Level Annotations

Branches:
Dungeon (2/15)

Altars:


Innate Abilities, Weirdness & Mutations

You cannot wear armour.
You are incapable of wielding weapons or throwing items.
Your paws allow you to move quietly. (Stealth)
You have sharp claws.
You have razor-sharp teeth.
You have supernaturally acute eyesight. (SInv)
You are carnivorous and can eat meat at any time.
You cover ground quickly.
You are covered in fur. (AC +1)
You have a slow metabolism.
Your sharp claws are effective at attacking unaware monsters.


Message History

You feel sick. The adder barely misses you.
You scratch the adder but do no damage. Your bite misses the adder.
The adder completely misses you.
You scratch the adder but do no damage.
You feel sick. The adder misses you.
You scratch the adder.
The adder is moderately wounded.
The adder misses you. The adder barely misses you.
You miss the adder.
The adder is moderately wounded.
The adder bites you.
You are more poisoned.
The adder poisons you!
You barely miss the adder.
The adder is moderately wounded.
* * * LOW HITPOINT WARNING * * *
You feel sick. The adder misses you.
You closely miss the adder.
The adder is moderately wounded.
The adder bites you.
You die...

..........##.###
#####........#
.............#
.##.#........####### ##
.##.###....#).. ... .
.##.# #....#..###.# .#
.##.# ##.......##.##.#
.#... ............<[#
.#..# #.#....$.@S...#
.#..####.##....##.#...?...
.# ...........##.#..##...
.# ##....)...##>#..# #
.#.####.###...........
.#.............##.#..#.
.######.###.......#.....
.........##..###...... ..
#######..##..# ...


You could see an adder.

Vanquished Creatures
  An adder (D:2)
  A dart slug (D:1)
  A giant cockroach (D:1)
  3 goblins
  A bat (D:1)
  2 frilled lizards (D:1)
  A kobold (D:1)
  3 rats
13 creatures vanquished.

Notes
Turn   | Place    | Note
-------+----------+-------------------------------------------
     0 | D:1      | inc the Felid Enchanter began the quest for the Orb.
     0 | D:1      | Reached XP level 1. HP: 7/7 MP: 4/4
   136 | D:1      | Reached XP level 2. HP: 11/11 MP: 6/6
   350 | D:2      | Slain by an adder

Skill      XL: |  1  2 |
---------------+-------+-----
Dodging        | 3 |  3.0
Stealth        | |  4.5
Unarmed Combat | |  1.2
Spellcasting   | |  2.1
Hexes          | |  4.9

Action                   || total
-------------------------++-------
Melee: Unarmed           ||    29
       Bite              ||     2
 Stab: Sleeping          ||     8
  Eat: Chunk             ||     2
Armor: Skin              ||     1
Dodge: Dodged            ||    17
